 Dungeon Crawl Stone Soup version 0.31-a0-233-g139696dc86 (webtiles) character file.

Game seed: 1470190368978506995

9981 zazu2006 the Nimble (level 11, -4/186 HPs)
             Began as a Gnoll Wanderer on July 9, 2023.
             Was an Initiate of Vehumet.
             Slain by a five-headed hydra (10 damage)
             ... on level 10 of the Dungeon.
             The game lasted 00:26:56 (9177 turns).

zazu2006 the Nimble (Gnoll Wanderer)                Turns: 9177, Time: 00:26:56

Health: -4/186     AC: 29    Str: 12    XL:     11   Next: 55%
Magic:  24/24      EV:  2    Int: 13    God:    Vehumet [......]
Gold:   589        SH:  5    Dex: 14    Spells: 25/29 levels left

rFire   . . .        r - +5 dire flail
rCold   . . .        (shield currently unavailable)
rNeg    . . .        e - melded +0 leather armour
rPois   +            y - melded +0 helmet
rElec   .            H - melded +2 cloak
rCorr   .            x - melded +0 pair of gloves
SInv    .            (boots currently unavailable)
Will    .....        l - amulet of reflection Stlth
                     s - +4 ring of slaying
HPRegen 0.51/turn    A - +4 ring of protection
MPRegen 0.19/turn

%: reflection
@: berserking, tree-form, very quick
A: stationary, stasis, torment immunity, boosted hp, (fangs 1), strong nose,
distributed training
a: Renounce Religion


You were on level 10 of the Dungeon.
You worshipped Vehumet.
Vehumet was noncommittal.
You were a tree.
You visited 3 branches of the dungeon, and saw 13 of its levels.

You collected 589 gold pieces.

Inventory:

Hand Weapons
 g - a +0 dagger of flaming
 h - a +2 dagger of venom
 r - a +5 dire flail (weapon)
 G - a +4 flail of protection
 K - a +1 short sword of freezing
 N - a +3 scimitar
Missiles
 b - 2 throwing nets
 o - a boomerang (quivered)
 L - 16 boomerangs of dispersal
 P - a curare-tipped dart
Armour
 e - a +0 leather armour (melded)
 x - a +0 pair of gloves (melded)
 y - a +0 helmet (melded)
 H - a +2 cloak (melded)
Jewellery
 l - an amulet of reflection (around neck)
 s - a +4 ring of slaying (left branch)
 v - a ring of flight
 A - a +4 ring of protection (right branch)
 M - a ring of protection from cold
 O - a ring of wizardry
Wands
 p - a wand of iceblast (10)
 C - a wand of flame (8)
Scrolls
 a - 2 scrolls of fear
 c - 5 scrolls of teleportation
 i - a scroll of poison {unknown}
 k - 5 scrolls of silence
 m - a scroll of brand weapon {unknown}
 q - 2 scrolls of amnesia
 t - 4 scrolls of revelation {unknown}
 w - a scroll of immolation
 B - a scroll of noise
 D - 2 scrolls of enchant armour
 E - a scroll of butterflies {unknown}
Potions
 d - 5 potions of enlightenment
 f - a potion of curing
 j - a potion of attraction
 n - 2 potions of haste
 z - a potion of might
 I - a potion of invisibility
 J - a potion of lignification
 Q - a potion of mutation


   Skills:
 + Level 6.6 Fighting
 + Level 6.6 Short Blades
 + Level 6.6 Long Blades
 + Level 6.6 Axes
 + Level 6.6 Maces & Flails
 + Level 6.6 Polearms
 + Level 6.6 Staves
 + Level 6.6 Ranged Weapons
 + Level 6.6 Throwing
 + Level 6.6 Armour
 + Level 12.3 Dodging
 + Level 7.1 Stealth
 + Level 6.6 Shields
 + Level 6.6 Unarmed Combat
 + Level 9.8 Spellcasting
 + Level 5.5 Conjurations
 + Level 5.5 Hexes
 + Level 5.5 Summonings
 + Level 5.5 Necromancy
 + Level 5.5 Translocations
 + Level 5.5 Transmutations
 + Level 5.5 Fire Magic
 + Level 5.5 Ice Magic
 + Level 5.5 Air Magic
 + Level 5.5 Earth Magic
 + Level 5.5 Poison Magic
 + Level 7.3 Invocations
 + Level 7.2 Evocations


You had 25 spell levels left.
You knew the following spells:

 Your Spells              Type           Power      Damage    Failure   Level
a - Airstrike             Air            10%        2d(2-18)  12%         4

Your spell library contained the following spells:

 Spells                   Type           Power      Damage    Failure   Level
 Apportation              Tloc           40%        N/A       1%          1
 Slow                     Hex            80%        N/A       1%          1
 Static Discharge         Conj/Air       40%        2-4/arc   1%          2
 Inner Flame              Hex/Fire       20%        N/A       3%          3
 Ozocubu's Armour         Ice            20%        N/A       3%          3
 Animate Dead             Necr           20%        N/A       12%         4
 Summon Lightning Spire   Summ/Air       20%        N/A       12%         4
 Alistair's Intoxication  Tmut/Pois      13%        N/A       32%         5
 Haunt                    Necr/Summ      10%        N/A       100%        7
 Ozocubu's Refrigeration  Ice            10%        4d9       100%        7
 Infestation              Necr           10%        N/A       100%        8


Dungeon Overview and Level Annotations

Branches:
Dungeon (11/15)            Temple (1/1) D:5            Lair (1/5) D:10
    Orc (0/2) D:10

Altars:
Ashenzari
Cheibriados
Dithmenos
Elyvilon
Fedhas
Gozag
Hepliaklqana
Kikubaaqudgha
Makhleb
Nemelex Xobeh
Okawaru
Qazlal
Ru
Sif Muna
Trog
Uskayaw
Vehumet
Wu Jian
Xom
Yredelemnul
Zin
The Shining One

Annotations:
D:9 1 runed translucent door


Innate Abilities, Weirdness & Mutations

You are a tree.
Your roots penetrate the ground, keeping you stationary.
You cannot be teleported.
You are immune to unholy pain and torment.
Your maximum health is greatly increased.
Your equipment is partially melded.
((You have very sharp teeth.))
Your uncanny sense of smell can sniff out nearby items.
Your experience applies equally to all skills.


Message History

The five-headed hydra bites you.
* * * LOW HITPOINT WARNING * * *
The five-headed hydra completely misses you.
Unknown command.
Really quaff the potion of lignification?
You turn into a tree.
Your +2 cloak melds into your body.
Your +0 helmet melds into your body.
Your +0 pair of gloves melds into your body.
Your +0 leather armour melds into your body.
Your roots penetrate the ground.
The five-headed hydra bites you but does no damage. x2
The five-headed hydra barely misses you.
The five-headed hydra bites you.
* * * LOW HITPOINT WARNING * * *
The five-headed hydra bites you but does no damage.
Unknown command.
You hit the five-headed hydra.
The five-headed hydra is severely wounded.
The five-headed hydra bites you!
* * * LOW HITPOINT WARNING * * *
The five-headed hydra bites you but does no damage.
The five-headed hydra bites you.
* * * LOW HITPOINT WARNING * * *
The five-headed hydra bites you but does no damage. x2
Unknown command.
A red film seems to cover your vision as you go berserk!
You feel yourself moving faster!
You feel mighty!
The five-headed hydra bites you but does no damage. x2
The five-headed hydra bites you.
* * * LOW HITPOINT WARNING * * *
The five-headed hydra bites you but does no damage.
The five-headed hydra bites you.
* * * LOW HITPOINT WARNING * * *
Unknown command.
Unknown command.
You bludgeon the five-headed hydra!!
The five-headed hydra is almost dead.
The five-headed hydra bites you but does no damage.
The five-headed hydra bites you!
You die...

##.....## ##### #.......#
#...# #.......# ##### #..)#
##.......#######....
#..)####................###
#..)......#...#.#########
#..)#.#########..###
#...#.# ### ##...### #
#.....# #♣#######...######
##.#.## #D....# ###.##....
#....# #.....#####.##.###
##...### #..............#..
#..#...# #.....######.....#
#.####.####.....#
####......
##.####...##.....#
#......##.
#......##.########
#......### #......##.##
#####......# #


You could see a five-headed hydra.

Vanquished Creatures
  3 two-headed ogres
  A cane toad (Lair:1)
  A hornet (D:9)
  7 blink frogs (Lair:1)
  Grinder (D:4)
  Sigmund (D:6)
  9 yaks
  2 shadows
  A vampire (D:8)
  3 wyverns
  A basilisk (Lair:1)
  Edmund (D:5)
  An acid dragon (D:10)
  Duvessa (D:4)
  3 water moccasins
  2 orc warriors (D:10)
  2 ogres
  A wolf (D:10)
  5 centaurs
  6 bullfrogs
  5 kobold brigands
  A gnoll sergeant (D:10)
  A scorpion (D:5)
  Dowan (D:4)
  5 wights
  6 howler monkeys
  2 jellies
  A human zombie (D:9)
  2 gnoll boudas
  5 orc priests
  Crazy Yiuf (D:4)
  An iguana (D:7)
  4 orc wizards
  4 sleepcaps
  Robin (D:3)
  7 adders
  13 gnolls
  2 shadow imps
  2 white imps
  An ufetubus (D:6)
  A worm (D:4)
  3 dart slugs
  35 orcs
  8 ball pythons
  4 endoplasms
  3 giant cockroaches
  15 goblins
  9 hobgoblins
  3 quokkas
  3 bats
  5 frilled lizards
  18 kobolds
  A kobold zombie (D:9)
  4 rats
229 creatures vanquished.

Notes
Turn   | Place    | Note
-------+----------+-------------------------------------------
     0 | D:1      | Reached skill level 10 in Dodging
     0 | D:1      | zazu2006 the Gnoll Wanderer began the quest for the Orb.
     0 | D:1      | zazu2006 set off with the following items: a +0 dagger, 4
                  | throwing nets, a scroll of teleportation, a scroll of fear,
                  | a +0 leather armour; and the following spell memorised:
                  | Slow; and the following spells available to memorise: Inner
                  | Flame.
     0 | D:1      | Reached XP level 1. HP: 13/13 MP: 8/8
    90 | D:1      | Reached XP level 2. HP: 11/19 MP: 6/10
   832 | D:2      | Reached XP level 3. HP: 24/25 MP: 11/11
   871 | D:2      | Reached skill level 1 in Invocations
  1194 | D:3      | Reached skill level 1 in Fighting
  1194 | D:3      | Reached skill level 1 in Short Blades
  1194 | D:3      | Reached skill level 1 in Long Blades
  1194 | D:3      | Reached skill level 1 in Axes
  1194 | D:3      | Reached skill level 1 in Maces & Flails
  1194 | D:3      | Reached skill level 1 in Polearms
  1194 | D:3      | Reached skill level 1 in Staves
  1194 | D:3      | Reached skill level 1 in Ranged Weapons
  1194 | D:3      | Reached skill level 1 in Throwing
  1194 | D:3      | Reached skill level 1 in Armour
  1194 | D:3      | Reached skill level 1 in Shields
  1194 | D:3      | Reached skill level 1 in Unarmed Combat
  1224 | D:3      | Found a faded altar of an unknown god.
  1248 | D:3      | Noticed an ogre
  1252 | D:3      | Reached XP level 4. HP: 29/32 MP: 13/13
  1259 | D:3      | Killed an ogre
  1260 | D:3      | Reached skill level 1 in Conjurations
  1260 | D:3      | Reached skill level 1 in Hexes
  1260 | D:3      | Reached skill level 1 in Summonings
  1260 | D:3      | Reached skill level 1 in Necromancy
  1260 | D:3      | Reached skill level 1 in Translocations
  1260 | D:3      | Reached skill level 1 in Transmutations
  1260 | D:3      | Reached skill level 1 in Fire Magic
  1260 | D:3      | Reached skill level 1 in Ice Magic
  1260 | D:3      | Reached skill level 1 in Air Magic
  1260 | D:3      | Reached skill level 1 in Earth Magic
  1260 | D:3      | Reached skill level 1 in Poison Magic
  1260 | D:3      | Reached XP level 5. HP: 36/37 MP: 14/14
  1293 | D:3      | Found a shimmering altar of Xom.
  1294 | D:3      | Found a hazy altar of Hepliaklqana.
  1295 | D:3      | Noticed a spectral ugly thing
  1735 | D:3      | Noticed Robin
  1810 | D:3      | Killed Robin
  1811 | D:3      | Reached XP level 6. HP: 44/44 MP: 16/16
  1953 | D:4      | Noticed Dowan
  1957 | D:4      | Noticed Duvessa
  1995 | D:4      | Killed Duvessa
  2024 | D:4      | Reached XP level 7. HP: 24/50 MP: 18/18
  2031 | D:4      | Killed Dowan
  2300 | D:4      | Noticed Grinder
  2446 | D:4      | Killed Grinder
  2751 | D:4      | Found a runed translucent door.
  2752 | D:4      | Noticed Crazy Yiuf
  2799 | D:5      | Entered Level 5 of the Dungeon
  3016 | D:5      | Reached XP level 8. HP: 57/58 MP: 19/19
  3107 | D:5      | Found a staircase to the Ecumenical Temple.
  3121 | Temple   | Entered the Ecumenical Temple
  3391 | D:5      | Noticed Edmund
  3406 | D:5      | Killed Edmund
  3570 | D:4      | Killed Crazy Yiuf
  3661 | D:6      | Found an iron altar of Okawaru.
  3813 | D:6      | Noticed a wyvern
  3827 | D:6      | Killed a wyvern
  3828 | D:6      | Reached skill level 11 in Dodging
  4018 | D:6      | Noticed Sigmund
  4024 | D:6      | Killed Sigmund
  4091 | D:6      | Reached XP level 9. HP: 55/65 MP: 21/21
  4480 | D:7      | Reached skill level 5 in Evocations
  4834 | D:7      | Reached skill level 5 in Stealth
  4844 | D:7      | Reached skill level 5 in Invocations
  5652 | D:8      | Noticed a two-headed ogre
  5658 | D:8      | Killed a two-headed ogre
  5659 | D:8      | Reached skill level 5 in Fighting
  5659 | D:8      | Reached skill level 5 in Short Blades
  5659 | D:8      | Reached skill level 5 in Long Blades
  5659 | D:8      | Reached skill level 5 in Axes
  5659 | D:8      | Reached skill level 5 in Maces & Flails
  5659 | D:8      | Reached skill level 5 in Polearms
  5659 | D:8      | Reached skill level 5 in Staves
  5659 | D:8      | Reached skill level 5 in Ranged Weapons
  5659 | D:8      | Reached skill level 5 in Throwing
  5659 | D:8      | Reached skill level 5 in Armour
  5659 | D:8      | Reached skill level 5 in Shields
  5659 | D:8      | Reached skill level 5 in Unarmed Combat
  5659 | D:8      | Reached XP level 10. HP: 74/74 MP: 22/22
  5731 | D:8      | Noticed a two-headed ogre
  6558 | D:8      | Killed a two-headed ogre
  6891 | D:9      | Found a runed translucent door.
  6893 | D:9      | Found a basalt altar of Yredelemnul.
  6912 | D:9      | Noticed a two-headed ogre
  6923 | D:9      | Killed a two-headed ogre
  7266 | D:9      | Reached skill level 12 in Dodging
  7266 | D:9      | Reached skill level 5 in Conjurations
  7266 | D:9      | Reached skill level 5 in Hexes
  7266 | D:9      | Reached skill level 5 in Summonings
  7266 | D:9      | Reached skill level 5 in Necromancy
  7266 | D:9      | Reached skill level 5 in Translocations
  7266 | D:9      | Reached skill level 5 in Transmutations
  7266 | D:9      | Reached skill level 5 in Fire Magic
  7266 | D:9      | Reached skill level 5 in Ice Magic
  7266 | D:9      | Reached skill level 5 in Air Magic
  7266 | D:9      | Reached skill level 5 in Earth Magic
  7266 | D:9      | Reached skill level 5 in Poison Magic
  7557 | D:10     | Entered Level 10 of the Dungeon
  7596 | D:10     | Reached XP level 11. HP: 69/81 MP: 24/24
  7860 | D:10     | Found a staircase to the Orcish Mines.
  8232 | D:10     | Found a staircase to the Lair.
  8286 | D:10     | Found a radiant altar of Vehumet.
  8286 | D:10     | Found a white marble altar of Elyvilon.
  8288 | D:10     | Found an ancient bone altar of Kikubaaqudgha.
  8288 | D:10     | Found an ornate altar of the Wu Jian Council.
  8304 | D:10     | Became a worshipper of Vehumet
  8588 | D:10     | Learned a level 4 spell: Airstrike
  8615 | D:11     | Noticed a purple ugly thing
  8724 | Lair:1   | Entered Level 1 of the Lair of Beasts
  8981 | Lair:1   | Noticed a five-headed hydra
  9176 | D:10     | HP: 6/186 [five-headed hydra (6)]
  9177 | D:10     | Slain by a five-headed hydra

Illustrated notes

Levels and vault maps discovered:
D:1:      minmay_arrival_semitransparent, layout_loops_ring
D:2:      layout_rooms
D:3:      layout_rooms, regret_index_temple_of_mockery,
          hellmonk_ecumenical_altar_pennies_from_heaven, uniq_robin
D:4:      layout_cave_pools, uniq_duvessa, uniq_grinder, uniq_crazy_yiuf_cottage
D:5:      layout_cave_pools, minmay_temple_entry_slanted, minmay_hedge_maze,
          uniq_edmund
D:6:      layout_loops_ring, mainiacjoe_overflow_six_doors_small,
          minmay_misc_feat_more_columns, uniq_sigmund
D:7:      nicolae_cairo_tiling_large_dashed, layout_basic,
          minmay_unpleasant_kobolds
D:8:      layout_basic
D:9:      layout_roguey, dk_yredelemnul_ordeal
D:10:     layout_rooms, mainiacjoe_overflow_alcove_3, lair_entry_dummy,
          orc_0_dummy
D:11:     layout_cave_pools, serial_park, serial_park_square1
          [serial_park_minivault_5x5_2], serial_park_square2,
          serial_park_square3 [serial_park_minivault_5x5_8], serial_park_tiny_1
Temple:   compressed_dpeg_circular_temple
Lair:1:   layout_long_grid, lemuel_fruit_fields, grunt_megastairs_5

Skill      XL: |  1  2  3  4  5  6  7  8  9 10 11 |
---------------+----------------------------------+-----
Dodging        | 11 12 | 12.3
Invocations    | 1 2 3 4 5 6 7 |  7.3
Fighting       | 1 2 3 5 6 |  6.6
Short Blades   | 1 2 3 5 6 |  6.6
Long Blades    | 1 2 3 5 6 |  6.6
Axes           | 1 2 3 5 6 |  6.6
Maces & Flails | 1 2 3 5 6 |  6.6
Polearms       | 1 2 3 5 6 |  6.6
Staves         | 1 2 3 5 6 |  6.6
Ranged Weapons | 1 2 3 5 6 |  6.6
Throwing       | 1 2 3 5 6 |  6.6
Armour         | 1 2 3 5 6 |  6.6
Shields        | 1 2 3 5 6 |  6.6
Unarmed Combat | 1 2 3 5 6 |  6.6
Conjurations   | 1 2 3 4 5 |  5.5
Hexes          | 1 2 3 4 5 |  5.5
Summonings     | 1 2 3 4 5 |  5.5
Necromancy     | 1 2 3 4 5 |  5.5
Translocations | 1 2 3 4 5 |  5.5
Transmutations | 1 2 3 4 5 |  5.5
Fire Magic     | 1 2 3 4 5 |  5.5
Ice Magic      | 1 2 3 4 5 |  5.5
Air Magic      | 1 2 3 4 5 |  5.5
Earth Magic    | 1 2 3 4 5 |  5.5
Poison Magic   | 1 2 3 4 5 |  5.5
Evocations     | 3 4 5 6 7 |  7.2
Stealth        | 3 4 5 6 7 |  7.1
Spellcasting   | 8 9 |  9.8

Action                     |  1- 3 |  4- 6 |  7- 9 | 10-12 || total
---------------------------+-------+-------+-------+-------++-------
  Melee: Dagger            |    67 |       |   168 |       ||   235
         Bite              |     8 |    15 |    33 |    44 ||   100
         Falchion          |    20 |    88 |    48 |       ||   156
         Punch             |       |     1 |    14 |    15 ||    30
         Flail             |       |       |    23 |   320 ||   343
         Scimitar          |       |       |       |    30 ||    30
         Dire flail        |       |       |       |    10 ||    10
  Throw: Boomerang         |    23 |    46 |    20 |       ||    89
         Throwing net      |     1 |     4 |       |     2 ||     7
         Dart              |       |       |       |     1 ||     1
   Cast: Slow              |     9 |       |       |       ||     9
         Airstrike         |       |       |       |     2 ||     2
  Evoke: Wand              |       |       |    13 |    28 ||    41
    Use: Potion            |       |     3 |       |     4 ||     7
         Scroll            |       |     1 |     5 |     9 ||    15
   Stab: Sleeping          |     3 |     2 |     4 |     5 ||    14
         Held in net/web   |       |     2 |       |       ||     2
         Distracted        |       |       |       |     1 ||     1
 Armour: Leather armour    |    10 |     6 |    36 |   122 ||   174
         Skin              |       |    17 |     1 |    10 ||    28
  Dodge: Dodged            |    73 |    52 |   137 |   285 ||   547
  Block: Other             |     7 |    17 |    47 |    94 ||   165
         Reflection        |       |       |     1 |     1 ||     2

Table legend: (Time is in decaauts)
 A = Elapsed time spent in this place.
 B = Non-inter-level travel time spent in this place.
 C = Inter-level travel time spent in this place.
 D = Time resting spent in this place.
 E = Time spent auto-exploring this place.
 F = Levels seen in this place.
 G = Mean time per level.
                   A        B        C        D        E       F      G
               +--------+--------+--------+--------+--------+-----+--------+
         Total |   9257 |   8882 |    375 |    877 |   5802 |  13 |  712.1 |
       Dungeon |   9007 |   8648 |    359 |    877 |   5719 |  11 |  818.8 |
        Temple |     84 |     69 |     15 |      0 |     56 |   1 |   84.0 |
          Lair |    165 |    165 |      0 |      0 |     27 |   1 |  165.0 |
               +--------+--------+--------+--------+--------+-----+--------+

Top non-repeatable levels by time:
    D:10: 1422 daAuts
     D:8: 1251 daAuts
     D:7: 1163 daAuts
     D:4: 975 daAuts
     D:3: 806 daAuts
     D:6: 761 daAuts
     D:9: 753 daAuts
     D:1: 690 daAuts
     D:5: 653 daAuts
     D:2: 479 daAuts
  Lair:1: 165 daAuts
  Temple: 84 daAuts
    D:11: 50 daAuts
